 Dungeon Crawl Stone Soup version 0.27.1 (webtiles) character file.

Game seed: 10285813879651659691

12549 Tinkle the Severer (level 11, -1/129 HPs)
             Began as a Minotaur Berserker on Sept 3, 2021.
             Was an Elder of Trog.
             Slain by a hell knight (5 damage)
             ... in a volcano.
             The game lasted 01:00:01 (14326 turns).

Tinkle the Severer (Minotaur Berserker)            Turns: 14326, Time: 01:00:03

Health: -1/129     AC: 26    Str: 25    XL:     11   Next: 63%
Magic:  10/10      EV:  6    Int:  4    God:    Trog [****..]
Gold:   373        SH: 18    Dex: 10    Spells: 10/10 levels left

rFire    . . .     SeeInvis .   a - +5 broad axe (flame)
rCold    + . .     Faith    .   l - +1 kite shield {rN+}
rNeg     + + .     Spirit   .   I - +3 plate armour {rC+}
rPois    .         Reflect  +   (helmet restricted)
rElec    .         Harm     .   e - +2 cloak {Will+}
rCorr    .         Rampage  .   G - +0 pair of gloves
Will     +++..                  y - +2 pair of boots
Stlth    ..........             F - amulet of reflection
HPRegen  1.31/turn              i - +4 ring of protection
MPRegen  0.12/turn              f - ring of positive energy

@: berserking (expiring), strong-willed, regenerating, very quick
A: horns 2, retaliatory headbutt
a: Renounce Religion, Berserk, Trog's Hand, Brothers in Arms


You were in a volcano.
You worshipped Trog.
Trog was greatly pleased with you.
You visited 2 branches of the dungeon, and saw 11 of its levels.
You also visited: Volcano.

You collected 1611 gold pieces.
You spent 1238 gold pieces at shops.

Inventory:

Hand Weapons
 a - a +5 broad axe of flaming (weapon)
 b - a +1 vampiric hand axe
Missiles
 n - 29 poisoned darts (quivered)
 u - a curare-tipped dart
Armour
 e - a +2 cloak of willpower (worn)
 l - a +1 kite shield of positive energy (worn)
 s - a scarf of repulsion
 y - a +2 pair of boots (worn)
 D - a scarf of invisibility
 G - a +0 pair of gloves (worn)
 I - a +3 plate armour of cold resistance (worn)
Jewellery
 d - an amulet of faith
 f - a ring of positive energy (right hand)
 i - a +4 ring of protection (left hand)
 F - an amulet of reflection (around neck)
Wands
 x - a wand of iceblast (8)
 B - a wand of flame (36)
 C - a wand of paralysis (20)
Scrolls
 j - 3 scrolls of teleportation
 k - 5 scrolls of blinking
 o - 2 scrolls of enchant armour
 t - 4 scrolls of identify
 v - a scroll of silence {unknown}
Potions
 c - 3 potions of berserk rage
 g - 3 potions of curing
 h - a potion of might
 p - a potion of mutation
 q - a potion of flight
 w - a potion of ambrosia
 z - a potion of heal wounds
Miscellaneous
 r - a piece from Xom's chessboard (15/15)


   Skills:
 - Level 5.0 Fighting
 + Level 17.8 Axes
 - Level 5.0 Armour
 - Level 2.1 Dodging
 + Level 10.3 Shields


You had 10 spell levels left.
You didn't know any spells.
Your spell library was empty.

Dungeon Overview and Level Annotations

Branches:
Dungeon (9/15)             Temple (0/1) D:6            Lair (2/6) D:9
 Shoals (0/4) Lair:2      Volcano (1/1)
  Snake: Lair:2-4    Spider: Lair:2-4       Orc: D:9-12

Altars:
Dithmenos
Fedhas
Gozag
Hepliaklqana
Kikubaaqudgha
Makhleb
Sif Muna
Trog
Vehumet

Shops:
D:1 [   D:4 =   D:5 ?   D:6 [


Innate Abilities, Weirdness & Mutations

You have a pair of horns on your head.
You reflexively headbutt those who attack you in melee.


Message History

You block the hell knight's attack. You block the salamander's attack.
Your shield and plate armour prevent you from hitting the salamander.
The salamander is heavily wounded.
You slash the salamander!
The hell knight hits you from afar with a +0 halberd of flaming!!
The hell knight burns you. You block the salamander's attack.
You barely miss the salamander. You headbutt the salamander!
The salamander is severely wounded.
You closely miss the salamander. You block the hell knight's attack.
The salamander hits you but does no damage.
You slice the salamander!!
The salamander is almost dead.
You slash the salamander!
The salamander hits you but does no damage.
The hell knight hits you but does no damage.
Unknown command.
You slash the salamander!
You kill the salamander!
Trog accepts your kill.
You hit the salamander. You block the salamander's attack.
Your Shields skill increases to level 10!
The hell knight hits you with a +0 halberd of flaming!
* * * LOW HITPOINT WARNING * * *
The hell knight burns you.
* * * LOW HITPOINT WARNING * * *
You see here a +0 halberd.
You slash the salamander!
You kill the salamander!
Trog accepts your kill.
You slash the hell knight!
In the distance, the volcano erupts with a roar.
You are engulfed in blazing flames.
You block the hell knight's attack.
You slash the hell knight! You headbutt the hell knight!
The hell knight is heavily wounded.
You are engulfed in blazing flames.
* * * LOW HITPOINT WARNING * * *
The hell knight hits you with a +0 halberd of flaming!
* * * LOW HITPOINT WARNING * * *
The hell knight burns you.
You die...

+.).!.'..# ≈##
≈§§##..+.._..'..##§≈≈#
§§≈#...#.....#(..#○≈≈≈
≈≈≈#...#######(..#○≈≈§
≈≈≈#...+[[.[$'...#○≈§≈
≈§#...#..≈..#...#☼≈≈§
#...#8≈≈≈8#...#
#..'..≈)○'..##
#..'..☼@p'..#
≈##)#8○○○8#)##≈
≈≈###..○°☼###≈≈
≈≈≈≈≈.○○☼☼☼≈§§§
#≈≈§≈8.○○8○○≈○○
###≈§.°○☼○○§§≈§#
#≈§§.○○☼☼§≈###
##§8☼☼°8☼○○#
##.°°°○####


You could see a hell knight (fast).

Vanquished Creatures
  2 two-headed ogres
  A salamander mystic (Volcano)
  Pikel (D:7)
  4 salamanders (Volcano)
  2 cane toads (Lair:1)
  Prince Ribbit (D:7)
  2 blink frogs (Lair:1)
  Sigmund (D:5)
  A vampire (D:9)
  8 yaks
  A shadow (D:9)
  Grum (Lair:1)
  A steam dragon (D:7)
  5 water moccasins
  A sky beast (D:7)
  An orc warrior (D:7)
  A black bear (D:4)
  A hornet zombie (D:8)
  6 necrophages
  2 ice beasts
  10 wolves
  3 ogres
  8 centaurs
  2 phantoms
  4 lemures
  2 kobold brigands (D:9)
  5 bullfrogs
  5 scorpions
  A gnoll sergeant (D:8)
  A water moccasin zombie (D:7)
  3 killer bees (D:8)
  10 wights
  3 howler monkeys
  A centaur zombie (D:9)
  A bullfrog zombie (D:5)
  2 hounds
  A centaur skeleton (D:5)
  2 jellies (D:5)
  2 orc priests
  Jessica (D:2)
  5 iguanas
  4 orc wizards
  3 hound skeletons
  A howler monkey zombie (D:5)
  A howler monkey skeleton (D:7)
  5 adders
  6 gnolls
  A white imp (D:8)
  An ufetubus (D:4)
  An adder skeleton (D:4)
  2 worms
  2 dart slugs
  16 orcs
  8 ball pythons
  10 endoplasms
  4 giant cockroaches
  6 hobgoblins
  13 jackals
  15 kobolds
  3 quokkas
  4 bats (D:1)
  2 frilled lizards
  5 goblins
  5 rats
233 creatures vanquished.

Vanquished Creatures (others)
  2 fungi (Lair:1)
  12 plants
14 creatures vanquished.

Grand Total: 247 creatures vanquished

Notes
Turn   | Place    | Note
-------+----------+-------------------------------------------
     0 | D:1      | Tinkle the Minotaur Berserker began the quest for the Orb.
     0 | D:1      | Reached XP level 1. HP: 19/19 MP: 0/0
   234 | D:1      | Reached skill level 4 in Axes
   238 | D:1      | Reached XP level 2. HP: 27/27 MP: 1/1
   363 | D:1      | Found a faded altar of an unknown god.
   727 | D:1      | Found Rueshrol's Armour Boutique.
   836 | D:1      | Reached ** piety under Trog
   943 | D:1      | Reached XP level 3. HP: 33/33 MP: 2/2
  1450 | D:2      | Noticed Jessica
  1469 | D:2      | Killed Jessica
  1470 | D:2      | Reached skill level 5 in Axes
  1470 | D:2      | Reached XP level 4. HP: 41/41 MP: 3/3
  2256 | D:3      | Reached skill level 6 in Axes
  2256 | D:3      | Reached XP level 5. HP: 45/47 MP: 4/4
  2456 | D:3      | Reached skill level 5 in Fighting
  2634 | D:3      | Reached *** piety under Trog
  3061 | D:4      | Found Riuxurpha's Jewellery Shoppe.
  3223 | D:4      | Reached skill level 7 in Axes
  3243 | D:4      | Reached XP level 6. HP: 55/56 MP: 5/5
  3306 | D:4      | Identified the +0 ring mail of Utubb {Str+3 Slay+4}
  3663 | D:4      | Reached skill level 8 in Axes
  3865 | D:4      | Reached skill level 9 in Axes
  3865 | D:4      | Reached XP level 7. HP: 61/61 MP: 6/6
  3867 | D:4      | Reached **** piety under Trog
  4100 | D:5      | Entered Level 5 of the Dungeon
  4213 | D:5      | Noticed Sigmund
  4223 | D:5      | Killed Sigmund
  4224 | D:5      | Reached skill level 10 in Axes
  4517 | D:5      | Reached skill level 11 in Axes
  4517 | D:5      | Reached XP level 8. HP: 68/68 MP: 7/7
  4611 | D:5      | Reached skill level 12 in Axes
  5296 | D:5      | Found Plog's Magic Scroll Shoppe.
  5561 | D:1      | Bought a +2 cloak of willpower for 279 gold pieces
  5737 | D:6      | Found an opulent altar of Gozag.
  5784 | D:6      | Found Cudiujups's Antique Armour Boutique.
  5912 | D:6      | Found a staircase to the Ecumenical Temple.
  5947 | D:6      | Reached skill level 13 in Axes
  6734 | D:7      | Reached XP level 9. HP: 74/74 MP: 8/8
  7815 | D:7      | Noticed a two-headed ogre
  7822 | D:7      | Killed a two-headed ogre
  7823 | D:7      | Reached skill level 14 in Axes
  8255 | D:7      | Found a radiant altar of Vehumet.
  8284 | D:7      | Reached skill level 15 in Axes
  8886 | D:7      | Noticed Prince Ribbit
  8892 | D:7      | Killed Prince Ribbit
  8893 | D:7      | Reached skill level 16 in Axes
  8893 | D:7      | Reached XP level 10. HP: 81/81 MP: 9/9
  8894 | D:7      | Found a bloodstained altar of Trog.
  8951 | D:7      | Found a shimmering blue altar of Sif Muna.
  9094 | D:7      | Reached ***** piety under Trog
  9545 | D:1      | Bought a +1 kite shield of positive energy for 175 gold
                  | pieces
  9756 | D:8      | Reached skill level 1 in Shields
  9859 | D:8      | Found an ancient bone altar of Kikubaaqudgha.
 10307 | D:8      | Reached skill level 5 in Armour
 10394 | D:8      | Reached skill level 5 in Shields
 11051 | D:8      | Identified 2 scrolls of acquirement
 11051 | D:8      | Acquired 911 gold pieces
 11090 | D:7      | Noticed Pikel
 11098 | D:7      | Killed Pikel
 11218 | D:6      | Bought a runed plate armour for 598 gold pieces
 11267 | D:5      | Bought a scroll of identify for 24 gold pieces
 11267 | D:5      | Bought a scroll of identify for 24 gold pieces
 11267 | D:5      | Bought a scroll of identify for 24 gold pieces
 11267 | D:5      | Bought a scroll of identify for 24 gold pieces
 11272 | D:5      | Acquired a +3 vorpal broad axe
 11299 | D:5      | Bought a scroll of enchant weapon for 90 gold pieces
 11411 | D:9      | Noticed a two-headed ogre
 11423 | D:9      | Killed a two-headed ogre
 11476 | D:9      | Found a shadowy altar of Dithmenos.
 11522 | D:9      | Found a hazy altar of Hepliaklqana.
 11573 | D:9      | Identified the +0 leather armour of the Trombone {Harm}
 11581 | D:9      | Found a burning altar of Makhleb.
 11661 | D:9      | Found a staircase to the Lair.
 12064 | D:9      | Found a blossoming altar of Fedhas.
 12108 | Lair:1   | Entered Level 1 of the Lair of Beasts
 12153 | D:9      | Reached XP level 11. HP: 73/86 MP: 10/10
 12215 | Lair:1   | Reached skill level 17 in Axes
 13599 | Lair:1   | Noticed Grum
 13613 | Lair:1   | Killed Grum
 14191 | Lair:2   | Found a dark tunnel.
 14200 | Volcano  | Entered a volcano
 14216 | Volcano  | Noticed a salamander mystic
 14225 | Volcano  | Killed a salamander mystic
 14227 | Volcano  | Found a bloodstained altar of Trog.
 14251 | Volcano  | Noticed a hell knight
 14324 | Volcano  | Reached skill level 10 in Shields
 14326 | Volcano  | HP: 4/129 [hell knight (16)]
 14326 | Volcano  | Slain by a hell knight

Illustrated notes

Levels and vault maps discovered:
D:1:      eino_arrival_water_cross, layout_rooms,
          shapermc_ecumenical_altar_flowoftime, serial_shops, shop_fountains,
          lemuel_another_geyser
D:2:      layout_loops_ring, uniq_jessica
D:3:      layout_basic
D:4:      layout_loops_corners, serial_shops,
          nicolae_shop_temple_entry_statues_fountains, nzn_random_ring
D:5:      layout_rooms, serial_shops, nicolae_stop_n_shop_1, minivault_27,
          minmay_fractal_squares_diagonal_5, uniq_sigmund
D:6:      layout_layer_cave, mainiacjoe_overflow_six_doors_small,
          minmay_temple_entry_glass, serial_shops, nicolae_shop_stone,
          st_stairs_4, minivault_24
D:7:      minmay_spotlight, layout_loops_corners,
          nzn_overflow_gifts_of_might_and_magic, vehumet_crystals,
          serial_bayou_crossing, uniq_pikel, uniq_prince_ribbit1
D:8:      nicolae_whirlpool, layout_rooms, nicolae_kikubaaqudgha_miasma_corner
D:9:      layout_roguey, nicolae_overflow_hidden_temple,
          overflow_temple_1_default, lair_entry_dummy,
          hellmonk_bongcloud_opening
Lair:1:   layout_chaotic_city, infiniplex_staircase_pool, serial_bayou_shore_b,
          uniq_grum
Lair:2:   layout_concentric_octagons, minmay_shoals_entry_beasts,
          nicolae_volcano_entry_hallway, gauntlet_entry_generic,
          cheibrodos_lair_lostbears
Volcano:  kennysheep_volcano_temple

Skill      XL: |  1  2  3  4  5  6  7  8  9 10 11 |
---------------+----------------------------------+-----
Axes           | 4 5 6 7 9 11 13 16 17 | 17.8
Fighting       | 4 5 |  5.0
Armour         | 3 5 |  5.0
Shields        | 7 10 | 10.3
Dodging        | |  2.1

Action                   |  1- 3 |  4- 6 |  7- 9 | 10-12 || total
-------------------------+-------+-------+-------+-------++-------
Melee: Hand axe          |    79 |    35 |       |       ||   114
       Headbutt          |    10 |    21 |    39 |    54 ||   124
       War axe           |       |    80 |   136 |    87 ||   303
       Broad axe         |       |       |       |   126 ||   126
Throw: Dart              |       |    10 |    46 |    74 ||   130
Invok: Berserk           |     1 |       |     1 |     1 ||     3
       Trog's Hand       |     1 |     1 |       |     2 ||     4
  Use: Scroll            |       |     6 |     3 |    14 ||    23
       Potion            |       |     1 |       |     1 ||     2
Armor: Animal skin       |     6 |       |       |       ||     6
       Chain mail        |    33 |    40 |       |       ||    73
       Ring mail         |       |    21 |    35 |    36 ||    92
       Plate armour      |       |       |       |    61 ||    61
Dodge: Dodged            |    42 |    56 |    66 |    77 ||   241
       Repelled          |       |       |       |     1 ||     1
Block: Kite shield       |       |       |       |   151 ||   151
       Reflection        |       |       |       |     4 ||     4
